 Dungeon Crawl Stone Soup version 0.24-a0-497-g5a03d68f59 (webtiles) character file.

Game seed: 4584099455002636448

7715 Azzok the Grappler (level 11, -10/94 HPs)
             Began as a Ghoul Fighter on July 13, 2019.
             Was a Priest of Makhleb.
             Mangled by Snorg (11 damage)
             ... on level 10 of the Dungeon.
             The game lasted 00:19:29 (10543 turns).

Azzok the Grappler (Ghoul Fighter)                 Turns: 10543, Time: 00:19:29

Health: -10/94     AC: 15    Str: 35    XL:     11   Next: 19%
Magic:  13/13      EV: 12    Int:  8    God:    Makhleb [***...]
Gold:   188        SH: 12    Dex: 13    Spells: 10/10 levels left

rFire    . . .     SeeInvis .     - Unarmed
rCold    + . .     Gourm    .   H - +0 shield of Trog's Benevolence {*Contam Int+5 Dex+5}
rNeg     + + +     Faith    .   B - +5 scale mail of the Lost Path {+Fly rN+ Regen+}
rPois    ∞         Spirit   .   (no helmet)
rElec    .         Reflect  .   (no cloak)
rCorr    .         Harm     .   c - +0 pair of gloves
MR       .....                  k - +0 pair of boots (curse)
Stlth    ..........             j - amulet of regeneration
HPRegen  0.00/turn              A - +5 ring of strength
MPRegen  0.13/turn              q - +6 ring of strength

@: rotting
A: rotting body, claws 1, carnivore, cold resistance 1, negative energy
resistance 3, inhibited regeneration, torment resistance, unbreathing
a: Minor Destruction, Lesser Servant of Makhleb, Renounce Religion, Evoke Flight


You were on level 10 of the Dungeon.
You worshipped Makhleb.
Makhleb was most pleased with you.
You were not hungry.

You visited 2 branches of the dungeon, and saw 11 of its levels.

You collected 711 gold pieces.
You spent 523 gold pieces at shops.

Inventory:

Missiles
 C - 2 throwing nets (quivered)
Armour
 c - a +0 pair of gloves (worn)
 k - a cursed +0 pair of boots (worn)
 B - the +5 scale mail of the Lost Path (worn) {+Fly rN+ Regen+}
   (You took it off a gnoll on level 7 of the Dungeon)

   It protects you from negative energy.
   It lets you fly.
   It increases your rate of regeneration.
 H - the +0 shield of Trog's Benevolence (worn) {*Contam Int+5 Dex+5}
   (You bought it in a shop on level 9 of the Dungeon)

   It affects your intelligence (+5).
   It affects your dexterity (+5).
   It causes magical contamination when unequipped.
Jewellery
 j - an amulet of regeneration (around neck)
 q - a +6 ring of strength (right hand)
 A - a +5 ring of strength (left hand)
Wands
 E - a wand of iceblast (9)
 F - a wand of acid (6)
 G - a wand of random effects (15)
Scrolls
 a - a scroll of holy word {unknown}
 e - 4 scrolls of teleportation
 f - 2 scrolls of enchant armour {unknown}
 h - a scroll of fog
 i - 2 scrolls of immolation {unknown}
 l - a scroll of amnesia {unknown}
 p - 6 scrolls of enchant weapon {unknown}
 r - 2 scrolls of magic mapping {unknown}
 u - 4 scrolls of identify
 w - 2 scrolls of noise {unknown}
 x - 3 scrolls of remove curse {unknown}
 y - 2 scrolls of random uselessness {unknown}
 D - a scroll of brand weapon {unknown}
Potions
 g - 4 potions of brilliance
 m - a potion of berserk rage {unknown}
 n - 2 potions of flight
 o - 3 potions of curing
 s - 2 potions of agility
 t - a potion of resistance
 v - a potion of haste {unknown}
 z - 2 potions of magic {unknown}
Comestibles
 b - 12 chunks of flesh
 d - 11 rations


   Skills:
 + Level 7.8 Fighting
 + Level 6.5 Armour
 + Level 5.7 Dodging
 + Level 6.5 Shields
 * Level 10.2 Unarmed Combat
 - Level 5.0 Invocations
 + Level 3.5 Evocations


You had 10 spell levels left.
You didn't know any spells.
Your spell library contained the following spells:

 Spells                   Type           Power        Failure   Level  Hunger
 Confusing Touch          Hex            #.....       93%         1    ##.....
 Confuse                  Hex            #.......     100%        3    ####...
 Gell's Gravitas          Tloc           #.........   100%        3    ####...
 Petrify                  Tmut/Erth      #.......     100%        4    #####..
 Metabolic Englaciation   Hex/Ice        #.........   100%        5    ######.
 Yara's Violent Unravell  Hex/Tmut       #.........   100%        5    ######.


Dungeon Overview and Level Annotations

Branches:
Dungeon (10/15)            Temple (1/1) D:7            Lair (0/6) D:9
    Orc (0/2) D:10

Altars:
Ashenzari
Cheibriados
Dithmenos
Elyvilon
Fedhas
Gozag
Hepliaklqana
Kikubaaqudgha
Makhleb
Nemelex Xobeh
Okawaru
Qazlal
Ru
Sif Muna
Trog
Uskayaw
Vehumet
Wu Jian
Xom
Yredelemnul
Zin
The Shining One
Beogh

Shops:
D:4 !%   D:9 [

Annotations:
D:6 2 runed translucent doors, Gildeon's ghost, weakling MiFi
D:10 Snorg


Innate Abilities, Weirdness & Mutations

Your body is rotting away.
You thrive on raw meat.
You are immune to poison.
You have sharp fingernails.
You are carnivorous and can eat meat at any time.
Your flesh is cold resistant. (rC+)
You are immune to negative energy. (rN+++)
You do not regenerate when monsters are visible.
You are immune to unholy pain and torment.
You can survive without breathing.


Message History

You hit Snorg.
Snorg is severely wounded.
You block Snorg's attack. Snorg claws you but does no damage. x2
You punch Snorg!
Snorg is almost dead.
You block Snorg's attack. Snorg closely misses you. Snorg claws you!
The hungry ghost hits you.
You hit Snorg.
Snorg is almost dead.
You block Snorg's attack. x2; Snorg claws you!
The hungry ghost hits you. Snorg bites you! Snorg claws you.
* * * LOW HITPOINT WARNING * * *
Snorg claws you!
* * * LOW HITPOINT WARNING * * *
You closely miss Snorg.
Snorg is almost dead.
The hungry ghost hits you. Snorg closely misses you. Snorg claws you!!
* * * LOW HITPOINT WARNING * * *
Snorg claws you!
You die...

▒·······▒
▒·······▒
▒·······▒
▒·······▒
▒·······▒
▒·······▒
▒·······▒
▒···WT··▒
▒····@··▒
▒·······▒
▒·······▒
▒·······▒
▒·······▒
▒·······▒
▒·······▒
▒>······▒
▒·······▒


You could see Snorg (berserk) and a hungry ghost.

Vanquished Creatures
  Harold (D:9)
  A two-headed ogre (D:10)
  A hippogriff (D:8)
  A wyvern (D:9)
  A yak (D:9)
  2 basilisks
  Menkaure (D:5)
  Edmund (D:6)
  10 orc warriors
  A sky beast (D:6)
  A phantom (D:8)
  2 ice beasts
  3 ogres
  4 centaurs
  A crocodile (D:9)
  10 bullfrogs
  Blork the orc (D:5)
  3 scorpions
  7 wights
  6 howler monkeys
  2 crimson imps
  5 hounds
  3 quasits
  A jelly (D:8)
  16 orc priests
  9 orc wizards
  4 bullfrog skeletons
  Ijyb (D:3)
  3 iguanas (D:6)
  11 worker ants
  A killer bee zombie (D:8)
  A hound zombie (D:7)
  2 hound skeletons
  2 howler monkey zombies
  3 howler monkey skeletons
  7 gnolls
  13 adders
  5 shadow imps
  2 adder skeletons (D:7)
  An adder zombie (D:8)
  2 worms
  5 dart slugs
  6 leopard geckos
  66 orcs
  5 giant cockroaches
  4 hobgoblins
  13 jackals
  4 kobolds
  3 quokkas
  2 ball pythons
  8 bats
  5 frilled lizards
  8 goblins
  A leopard gecko skeleton (D:4)
  2 leopard gecko zombies
  A quokka skeleton (D:8)
  10 rats
295 creatures vanquished.

Notes
Turn   | Place    | Note
-------+----------+-------------------------------------------
     0 | D:1      | Azzok the Ghoul Fighter began the quest for the Orb.
     0 | D:1      | Reached XP level 1. HP: 19/19 MP: 0/0
   278 | D:1      | Reached XP level 2. HP: 26/26 MP: 1/1
   613 | D:1      | Found a snail-covered altar of Cheibriados.
   815 | D:1      | Became a worshipper of Cheibriados the Contemplative
  1240 | D:2      | Reached XP level 3. HP: 23/31 MP: 2/2
  1478 | D:2      | Reached skill level 1 in Dodging
  1487 | D:2      | Reached skill level 3 in Unarmed Combat
  1603 | D:2      | Reached * piety under Cheibriados
  1840 | D:2      | Reached XP level 4. HP: 26/38 MP: 3/3
  2463 | D:3      | Reached skill level 1 in Invocations
  2529 | D:3      | Reached XP level 5. HP: 45/46 MP: 4/4
  2556 | D:3      | Reached ** piety under Cheibriados
  2568 | D:3      | HP: 2/46 [gnoll/+0 flail (3)]
  2574 | D:3      | HP: 2/46 [gnoll/+0 flail (6)]
  2838 | D:3      | Found a deep blue altar of Sif Muna.
  2910 | D:3      | Noticed Ijyb
  2935 | D:3      | Killed Ijyb
  3255 | D:3      | Reached skill level 4 in Unarmed Combat
  3272 | D:3      | Reached XP level 6. HP: 52/52 MP: 6/6
  3642 | D:4      | Found Caicien's Food Shop.
  3797 | D:4      | Got a pitted short sword
  3836 | D:4      | Reached *** piety under Cheibriados
  3837 | D:4      | Reached XP level 7. HP: 18/60 MP: 7/7
  3861 | D:4      | Identified the cursed +0 short sword of Kuech {pierce, rN+}
                  | (You found it on level 4 of the Dungeon)
  3938 | D:4      | Found an opulent altar of Gozag.
  4085 | D:4      | Found Ruvvir's Distillery.
  4090 | D:4      | Bought a potion of degeneration for 11 gold pieces
  4091 | D:4      | Bought a potion of curing for 33 gold pieces
  4091 | D:4      | Bought a potion of heal wounds for 55 gold pieces
  4091 | D:4      | Bought a potion of agility for 44 gold pieces
  4091 | D:4      | Bought a potion of resistance for 110 gold pieces
  4091 | D:4      | Bought a potion of flight for 33 gold pieces
  4294 | D:4      | Reached skill level 5 in Unarmed Combat
  4587 | D:5      | Entered Level 5 of the Dungeon
  5070 | D:5      | Reached XP level 8. HP: 56/67 MP: 9/9
  5140 | D:5      | Noticed Blork the orc
  5158 | D:5      | Killed Blork the orc
  5158 | D:5      | Reached skill level 5 in Fighting
  5274 | D:5      | Noticed Menkaure
  5279 | D:5      | Killed Menkaure
  5279 | D:5      | Reached skill level 6 in Unarmed Combat
  5763 | D:6      | Reached **** piety under Cheibriados
  6136 | D:6      | Noticed Edmund
  6152 | D:6      | Reached XP level 9. HP: 69/74 MP: 11/11
  6158 | D:6      | Killed Edmund
  6158 | D:6      | Reached skill level 7 in Unarmed Combat
  6258 | D:6      | Found a runed translucent door.
  6272 | D:6      | Noticed Gildeon's ghost (weakling MiFi)
  6393 | D:6      | Found a runed translucent door.
  6646 | D:7      | Identified the +5 scale mail of the Lost Path {+Fly rN+
                  | Regen+}
  6733 | D:7      | Reached skill level 5 in Shields
  6778 | D:7      | Found a staircase to the Ecumenical Temple.
  6827 | D:7      | Reached skill level 5 in Armour
  6840 | D:7      | HP: 2/75 [orc warrior/+0 halberd (10)]
  7041 | D:7      | Reached ***** piety under Cheibriados
  7051 | Temple   | Entered the Ecumenical Temple
  7424 | D:7      | Reached skill level 8 in Unarmed Combat
  7428 | D:7      | Reached skill level 5 in Invocations
  7557 | Temple   | Fell from the grace of Cheibriados
  7557 | Temple   | Became a worshipper of Makhleb the Destroyer
  7968 | D:7      | Reached skill level 1 in Evocations
  8014 | D:7      | Reached XP level 10. HP: 72/84 MP: 12/12
  8133 | D:8      | Reached * piety under Makhleb
  8733 | D:8      | Reached ** piety under Makhleb
  8737 | D:8      | Reached skill level 9 in Unarmed Combat
  8789 | D:8      | Found a roughly hewn altar of Beogh.
  8939 | D:8      | Reached skill level 5 in Dodging
  8999 | D:9      | Found a staircase to the Lair.
  9327 | D:9      | Found Alirph's Antique Armour Emporium.
  9341 | D:9      | Bought a jewelled shield for 237 gold pieces
  9341 | D:9      | Identified the +0 shield of Trog's Benevolence {*Contam
                  | Int+5 Dex+5} (You bought it in a shop on level 9 of the
                  | Dungeon)
 10145 | D:9      | Was forgiven by Cheibriados
 10167 | D:10     | Entered Level 10 of the Dungeon
 10193 | D:10     | Noticed Harold
 10271 | D:9      | Killed Harold
 10271 | D:9      | Reached XP level 11. HP: 57/92 MP: 13/13
 10312 | D:9      | Reached skill level 10 in Unarmed Combat
 10393 | D:10     | Reached *** piety under Makhleb
 10433 | D:10     | Found a staircase to the Orcish Mines.
 10442 | D:10     | Noticed a two-headed ogre
 10474 | D:10     | Killed a two-headed ogre
 10527 | D:10     | Noticed Snorg
 10543 | D:10     | HP: 1/94 [Snorg (18)]
 10543 | D:10     | Mangled by Snorg

Levels and vault maps discovered:
D:1:      mrwooster_arrival_statue, layout_loops_corners, cheibriados_altar_1
D:2:      layout_basic, first_ration, minmay_pentomino_pile
D:3:      layout_loops_cross, marbit_many_paths, uniq_ijyb
D:4:      layout_gridville, serial_shops, kennysheep_little_box,
          kennysheep_mini_moat, corner_web_ring, nicolae_gozag_seed_capital
D:5:      layout_loops_corners, uniq_menkaure, uniq_blork_the_orc
D:6:      layout_cave_pools, ebering_ghost_sewer_f, uniq_edmund
D:7:      layout_cave_pods, minmay_temple_entry_butterflies,
          kennysheep_generic_room_14
D:8:      layout_loops_ring, special_room [special_room_orc]
D:9:      layout_long_grid, david_lair_generic, special_room [special_room_orc],
          serial_shops, nicolae_shop_stone
D:10:     layout_cross, uniq_urug, uniq_harold, uniq_snorg
Temple:   kilobyte_greek_temple

Skill      XL: |  1  2  3  4  5  6  7  8  9 10 11 |
---------------+----------------------------------+-----
Dodging        | 1 2 3 4 5 |  5.7
Unarmed Combat | 3 4 5 6 8 9 10 | 10.2
Armour         | 3 4 5 6 |  6.5
Shields        | 3 4 5 6 |  6.5
Invocations    | 1 2 3 4 5 |  5.0
Fighting       | 4 5 6 7 |  7.8
Evocations     | 1 3 |  3.5

Action                   |  1- 3 |  4- 6 |  7- 9 | 10-12 || total
-------------------------+-------+-------+-------+-------++-------
Melee: Unarmed           |   174 |   249 |   394 |   438 ||  1255
Throw: Throwing net      |       |       |       |     1 ||     1
Evoke: Wand              |       |       |       |     2 ||     2
  Use: Scroll            |       |     3 |     3 |     1 ||     7
       Potion            |       |       |     2 |       ||     2
 Stab: Held in net/web   |       |       |       |     3 ||     3
  Eat: Chunk             |     5 |    11 |    15 |    21 ||    52
Armor: Scale mail        |    88 |    92 |    51 |   159 ||   390
       Chain mail        |       |       |    85 |       ||    85
Dodge: Dodged            |    33 |    67 |   148 |   174 ||   422
Block: Shield            |    51 |   129 |   273 |   286 ||   739
       Large shield      |    66 |       |       |       ||    66

Table legend:
 A = Non-vault XP
 B = Vault XP
 C = Vault XP percentage of total XP
 D = Non-vault monster count
 E = Vault monster count
 F = Vault count percentage of total count
                 A         B        C        D         E       F
            +---------+---------+-------+---------+---------+-------
      Total |    7520 |    3502 |  31.8 |     235 |      60 |  20.3
            +---------+---------+-------+---------+---------+-------
        D:1 |      31 |       0 |   0.0 |      17 |       0 |   0.0
        D:2 |      57 |      16 |  21.9 |      22 |       4 |  15.4
        D:3 |     241 |      38 |  13.6 |      34 |       2 |   5.6
        D:4 |     437 |       0 |   0.0 |      23 |       0 |   0.0
        D:5 |     612 |     266 |  30.3 |      18 |       2 |  10.0
        D:6 |    1004 |     162 |  13.9 |      24 |       1 |   4.0
        D:7 |    1283 |     301 |  19.0 |      33 |       3 |   8.3
        D:8 |    1506 |    1121 |  42.7 |      37 |      35 |  48.6
        D:9 |    1132 |    1598 |  58.5 |      19 |      13 |  40.6
       D:10 |    1217 |       0 |   0.0 |       8 |       0 |   0.0
            +---------+---------+-------+---------+---------+-------
